[Event "Team 45 45 League T36"]
[Site "Internet Chess Club"]
[Date "2008.01.27"]
[Round "1"]
[White "primerpaso"]
[Black "Badu"]
[Result "0-1"]
[WhiteElo "1869"]
[BlackElo "1931"]
[Opening "English: symmetrical, Rubinstein system"]
[ECO "A34"]
[Time "13:01:08"]
[TimeControl "2700+45"]

1. c4 c5 2. Nc3 Nf6 3. g3 d5 4. cxd5 Nxd5 5. Bg2 Nc7 6. Nf3 Nc6 7. O-O e5 8. d3
Be7 9. a3 Be6 10. Rb1 O-O 11. Bd2 f5 12. Re1 c4 13. h4 cxd3 14. exd3 Bf6 15. Qc2
Qd6 16. Be3 Rad8 17. Red1 h6 18. b4 b6 19. Rbc1 Rc8 20. Qe2 Rfe8 21. Qd2 Red8
22. Qe2 Bb3 23. Rd2 Ne6 24. Rb2 Ncd4 25. Bxd4 Nxd4 26. Nxd4 exd4 27. Na2 Bxa2
28. Rxc8 Rxc8 29. Rxa2 Rc1+ 30. Kh2 Bxh4 31. Qf3 Bg5 32. Qxf5 Qf6 33. Qd5+ Qf7
34. Qa8+ Kh7 35. Be4+ g6 36. Bd5 Qg7 37. Re2 h5 38. Re8 h4 39. Rg8 hxg3+ 40.
fxg3 Qh6+ 41. Kg2 Qh1+ 42. Kf2 Rc2# {White checkmated} 0-1

[Event "Team 45 45 League T36"]
[Site "Internet Chess Club"]
[Date "2008.01.27"]
[Round "1"]
[White "upturnedcircle"]
[Black "cityprosecutor"]
[Result "0-1"]
[WhiteElo "1889"]
[BlackElo "1680"]
[Opening "Benkö gambit accepted"]
[ECO "A58"]
[Time "16:06:28"]
[TimeControl "2700+45"]

1. d4 Nf6 2. c4 c5 3. d5 b5 4. cxb5 a6 5. bxa6 g6 6. Nc3 Bxa6 7. e4 Bxf1 8. Kxf1
d6 9. Nf3 Bg7 10. g3 Nbd7 11. Kg2 O-O 12. h3 Ra6 13. Re1 Qa8 14. Bg5 h6 15. Be3
e6 16. dxe6 fxe6 17. Nb5 Qc6 18. a4 Nxe4 19. Ra3 Ne5 20. Nxe5 Bxe5 21. Kg1 Bg7
22. Qg4 d5 23. Qxg6 Rf6 24. Qg4 e5 25. Nc3 Nd6 26. Nb5 Nc4 27. Rb3 d4 28. Bc1
Na5 29. Ra3 Nc4 30. Rb3 Rxa4 31. Na3 Rf8 32. Nxc4 Rxc4 33. Ra3 Rc2 34. Ra7 Qf6
35. Rxg7+ Qxg7 36. Qe6+ Qf7 37. Qg4+ Kh8 38. Bf4 exf4 39. Re6 Rc1+ 40. Kg2 Qb7+
{White resigns} 0-1

[Event "Team 45 45 League T36"]
[Site "Internet Chess Club"]
[Date "2008.01.26"]
[Round "1"]
[White "Morpheous"]
[Black "Miles295"]
[Result "1-0"]
[WhiteElo "2143"]
[BlackElo "2000"]
[Opening "Polish (Sokolsky) opening"]
[ECO "A00"]
[Time "12:36:18"]
[TimeControl "2700+45"]

1. b4 a5 2. b5 Nf6 3. Nc3 d5 4. Nf3 d4 5. Na4 Qd5 6. e3 e5 7. c4 Qd6 8. Qc2 c5
9. bxc6 Nxc6 10. c5 Nb4 11. Qb3 Qc7 12. Bc4 Bxc5 13. Nxc5 Qxc5 14. Bxf7+ Kd8 15.
O-O a4 16. Qc4 Qxc4 17. Bxc4 Re8 18. Rb1 Nc6 19. Ba3 Ne4 20. Bd5 Nf6 21. Bf7 Rh8
22. exd4 Nxd4 23. Nxd4 exd4 24. Rfc1 Ne4 25. Rc4 Bf5 26. Rxb7 Re8 27. Bxe8 Kxe8
28. Re7+ Kd8 29. Rxd4+ {Black resigns} 1-0

[Event "Team 45 45 League T36"]
[Site "Internet Chess Club"]
[Date "2008.01.23"]
[Round "1"]
[White "Flying-Tiger"]
[Black "J37c"]
[Result "0-1"]
[WhiteElo "1978"]
[BlackElo "1990"]
[Opening "Sicilian: dragon, classical, 8.O-O"]
[ECO "B73"]
[Time "19:58:12"]
[TimeControl "2700+45"]

1. e4 c5 2. Nf3 d6 3. d4 cxd4 4. Nxd4 Nf6 5. Nc3 g6 6. Be2 Nc6 7. Be3 Bg7 8. O-O
O-O 9. f4 Qb6 10. Qd3 Ng4 11. Bxg4 Bxd4 12. Bxd4 Qxd4+ 13. Qxd4 Nxd4 14. Bxc8
Raxc8 15. Rac1 Rxc3 16. bxc3 Ne2+ 17. Kf2 Nxc1 18. Rxc1 Rc8 19. Rb1 Rxc3 20. Rb2
b5 21. Ke2 a6 22. g3 Kg7 23. Kd2 Rc4 24. Kd3 Kf6 25. c3 Ke6 26. Re2 Kd7 27. Rf2
f5 28. exf5 gxf5 29. Re2 e6 30. Re1 Ke7 31. Re2 Ra4 32. Rb2 e5 33. fxe5 dxe5 34.
Re2 Ke6 35. Rb2 h5 36. Rg2 e4+ 37. Ke3 Ke5 38. Rd2 Ra3 39. Rc2 b4 40. Ke2 Rxc3
41. Rd2 a5 42. Kd1 Rd3 {White resigns} 0-1

[Event "Team 45 45 League T36"]
[Site "Internet Chess Club"]
[Date "2008.01.27"]
[Round "1"]
[White "SneakyRed"]
[Black "LennyH"]
[Result "1/2-1/2"]
[WhiteElo "1786"]
[BlackElo "1893"]
[Opening "Giuoco Piano"]
[ECO "C54"]
[Time "15:00:10"]
[TimeControl "2700+45"]

1. e4 e5 2. Nf3 Nc6 3. Bc4 Bc5 4. c3 Nf6 5. d3 a6 6. Bb3 d6 7. O-O Ba7 8. Nbd2
O-O 9. Re1 Be6 10. Bc2 Ng4 11. Re2 f5 12. h3 Nf6 13. Ng5 Qe7 14. Nxe6 Qxe6 15.
Bb3 d5 16. exd5 Nxd5 17. Nf3 Kh8 18. Bf4 Qd6 19. Bxe5 Nxe5 20. Rxe5 Nf4 21. d4
Qg6 22. Nh4 Qg5 23. g3 Nxh3+ 24. Kf1 Rae8 25. Qe2 Rxe5 26. Qxe5 Qg4 27. Re1 f4
28. Bd1 Qd7 29. g4 Bb8 30. Kg2 c6 31. Qe7 Qxe7 32. Rxe7 Ng5 33. Rxb7 {Game drawn
by mutual agreement} 1/2-1/2

[Event "Team 45 45 League T36"]
[Site "Internet Chess Club"]
[Date "2008.01.27"]
[Round "1"]
[White "Wheels"]
[Black "Lionskins"]
[Result "1-0"]
[WhiteElo "1839"]
[BlackElo "1634"]
[Opening "Old Benoni defense"]
[ECO "A43"]
[Time "20:00:42"]
[TimeControl "2700+45"]

1. d4 c5 2. c3 cxd4 3. cxd4 Nf6 4. Nc3 Qa5 5. Bd2 Qb6 6. Nf3 e6 7. Qc2 Nc6 8. e3
Nb4 9. Qb3 Qa5 10. Rc1 a6 11. Be2 Qf5 12. e4 Nxe4 13. Nxe4 Nd5 14. Bd3 Nf4 15.
Nd6+ Bxd6 16. Bxf5 Nxg2+ 17. Kf1 Nf4 18. Be4 Rb8 19. Qb6 Ke7 20. Ne5 g5 21. Nxf7
{Black resigns} 1-0

[Event "Team 45 45 League T36"]
[Site "Internet Chess Club"]
[Date "2008.01.26"]
[Round "1"]
[White "ADIOKiddo4Ever"]
[Black "merecat"]
[Result "1/2-1/2"]
[WhiteElo "1480"]
[BlackElo "1411"]
[Opening "Vienna game"]
[ECO "C25"]
[Time "19:01:53"]
[TimeControl "2700+45"]

1. e4 e5 2. Nc3 d6 3. g3 Nf6 4. Bg2 Be6 5. Nge2 Nc6 6. O-O h6 7. f4 exf4 8. Nxf4
Ne5 9. Nxe6 fxe6 10. d4 Ng6 11. Be3 c6 12. d5 e5 13. Qf3 Qd7 14. h4 Qg4 15. Kh2
Be7 16. Bh3 Qxf3 17. Rxf3 O-O 18. Kg2 cxd5 19. Bf5 d4 20. Bxg6 dxe3 21. Rxe3 Ng4
22. Rf3 Rxf3 23. Kxf3 Nf6 24. Rf1 Rf8 25. Ke2 a6 26. Nd5 Nxd5 27. Rxf8+ Bxf8 28.
exd5 Be7 29. c4 Bf6 30. b4 Kf8 31. b5 axb5 32. cxb5 Ke7 33. a4 Kd8 34. a5 Kc7
35. Be8 g5 36. h5 g4 37. b6+ Kb8 38. Bb5 Bg5 39. a6 bxa6 40. Bxa6 e4 41. Kf2 Bd8
42. Ke3 Bxb6+ 43. Kxe4 Ka7 44. Bc8 Bf2 45. Kf4 Kb6 46. Bxg4 Kc5 47. Be6 Kd4 48.
g4 Be3+ 49. Kf5 Bg5 50. Bf7 Ke3 51. Be6 Kf3 52. Kg6 Bf4 53. Bf5 Ke3 54. Kf7 Kd4
55. Ke6 Kc5 56. Bc2 Bg5 {Game drawn by mutual agreement} 1/2-1/2

[Event "Team 45 45 League T36"]
[Site "Internet Chess Club"]
[Date "2008.01.26"]
[Round "1"]
[White "katabatico"]
[Black "johnpawn"]
[Result "1-0"]
[WhiteElo "1405"]
[BlackElo "1259"]
[Opening "Caro-Kann: exchange, Rubinstein variation"]
[ECO "B13"]
[Time "16:00:18"]
[TimeControl "2700+45"]

1. e4 c6 2. d4 d5 3. exd5 cxd5 4. Bd3 Nc6 5. c3 Nf6 6. Bf4 e6 7. Nf3 Bd6 8. Bg5
Bd7 9. O-O O-O 10. Na3 a6 11. c4 Bxa3 12. bxa3 dxc4 13. Bxc4 b5 14. Bb3 Ne7 15.
Bxf6 gxf6 16. Bc2 Nd5 17. Qd3 f5 18. Ne5 f6 19. Qg3+ Kh8 20. Nf3 Rg8 21. Qh3 Nf4
22. Qh6 Rg6 23. Qxf4 Bc6 24. Rae1 Rg4 25. Qe3 f4 26. Qd3 Qg8 27. Kh1 Rxg2 28.
Rg1 Bxf3 29. Qxf3 {Black resigns} 1-0

[Event "Team 45 45 League T36"]
[Site "Internet Chess Club"]
[Date "2008.02.02"]
[Round "1"]
[White "Conjurer"]
[Black "houseofcook"]
[Result "0-1"]
[WhiteElo "1391"]
[BlackElo "1462"]
[Opening "Réti: King's Indian attack (Barcza system)"]
[ECO "A07"]
[Time "11:59:42"]
[TimeControl "2700+45"]

1. Nf3 d5 2. g3 e6 3. Bg2 c5 4. b3 Nc6 5. e3 Nf6 6. O-O Bd6 7. c4 O-O 8. Bb2 Re8
9. Nc3 d4 10. Nb5 Bb8 11. exd4 a6 12. Na3 cxd4 13. Nxd4 Nxd4 14. Nc2 e5 15. Be4
Nxe4 16. Qh5 Nf6 17. Qd1 Bh3 18. Re1 Bg4 19. Qc1 {White resigns} 0-1

[Event "Team 45 45 League T36"]
[Site "Internet Chess Club"]
[Date "2008.01.27"]
[Round "1"]
[White "Rubacchus"]
[Black "Traho"]
[Result "1-0"]
[WhiteElo "1344"]
[BlackElo "1365"]
[Opening "Caro-Kann: classical, 6.h4"]
[ECO "B18"]
[Time "09:07:25"]
[TimeControl "2700+45"]

1. e4 c6 2. d4 d5 3. Nc3 dxe4 4. Nxe4 Bf5 5. Ng3 Bg6 6. h4 h5 7. Nf3 Nd7 8. Bd3
Bxd3 9. Qxd3 Ngf6 10. Qb3 b6 11. Be3 e6 12. O-O-O Bd6 13. Ne5 Qc8 14. Bg5 Nxe5
15. dxe5 Bxe5 16. f4 Bc7 17. Qf3 O-O 18. Nxh5 Nxh5 19. Qxh5 f6 20. Bh6 gxh6 21.
Qg6+ Kh8 22. Qxh6+ Kg8 23. Rhf1 Qe8 24. Rf3 Rf7 25. Rg3+ Rg7 26. Qxg7# {Black
checkmated} 1-0

[Event "Team 45 45 League T36"]
[Site "Internet Chess Club"]
[Date "2008.01.24"]
[Round "1"]
[White "wekabird"]
[Black "rshea11"]
[Result "0-1"]
[WhiteElo "1214"]
[BlackElo "1299"]
[Opening "English opening"]
[ECO "A20"]
[Time "20:05:42"]
[TimeControl "2700+45"]

1. c4 e5 2. e4 Nf6 3. Nc3 Bc5 4. h3 O-O 5. a3 Nc6 6. Nf3 a6 7. b4 Ba7 8. Rb1 Nd4
9. Nxd4 Bxd4 10. Ne2 Qe7 11. d3 d6 12. Nxd4 exd4 13. g3 Nxe4 14. Bb2 Nc3+ 15.
Kd2 Nxd1 16. Rxd1 Bd7 17. Bg2 Qg5+ 18. Kc2 Ba4+ 19. Kb1 Bxd1 20. Rxd1 c6 21.
Bxd4 Rae8 22. Be3 Rxe3 23. fxe3 Qxg3 24. Be4 Re8 25. Rf1 Qxe3 26. Rf3 Qe1+ 27.
Kc2 Rxe4 28. dxe4 Qxe4+ 29. Rd3 Qxc4+ 30. Rc3 Qe2+ 31. Kb3 b5 32. Rxc6 Qd3+ 33.
Rc3 Qb1# {White checkmated} 0-1

[Event "Team 45 45 League T36"]
[Site "Internet Chess Club"]
[Date "2008.01.25"]
[Round "1"]
[White "conron"]
[Black "WilmaP"]
[Result "1-0"]
[WhiteElo "1291"]
[BlackElo "1166"]
[Opening "French: Winawer, advance variation"]
[ECO "C17"]
[Time "15:00:58"]
[TimeControl "2700+45"]

1. e4 e6 2. d4 d5 3. Nc3 Bb4 4. e5 c5 5. dxc5 Nc6 6. Nf3 Bxc5 7. Bg5 Nge7 8. Bb5
O-O 9. Bd3 Qb6 10. O-O Qxb2 11. Bxe7 Bxe7 12. Qd2 Bb4 13. Ng5 Bxc3 14. Bxh7+ Kh8
15. Qf4 Bxe5 16. Qh4 Ne7 17. Bf5+ Kg8 18. Qh7# {Black checkmated} 1-0

[Event "Team 45 45 League T36"]
[Site "Internet Chess Club"]
[Date "2008.01.24"]
[Round "1"]
[White "strudel"]
[Black "curtintime"]
[Result "1-0"]
[WhiteElo "1474"]
[BlackElo "1383"]
[Opening "Ruy Lopez: Wormald (Alapin) attack"]
[ECO "C77"]
[Time "19:03:42"]
[TimeControl "2700+45"]

1. e4 e5 2. Nf3 Nc6 3. Bb5 a6 4. Ba4 Nf6 5. Qe2 d6 6. c3 Bd7 7. d4 b5 8. Bc2 Bg4
9. d5 Nb8 10. O-O c6 11. dxc6 Nxc6 12. Nbd2 Be7 13. h3 Be6 14. b3 O-O 15. Rd1 h6
16. Nf1 Qd7 17. Ng3 b4 18. c4 Nd4 19. Nxd4 exd4 20. Nf5 Bxf5 21. exf5 Bd8 22. a4
a5 23. Qf3 Re8 24. Qxa8 Bb6 25. Qf3 Qe7 26. Bb2 Bc7 27. Bxd4 d5 28. Bxf6 Qxf6
29. cxd5 Rc8 30. Be4 Bd6 31. Rac1 Re8 32. Rc6 Qe5 33. Rxd6 Qxd6 34. Qd3 f6 35.
f3 Rd8 36. Qb5 Ra8 37. Rc1 Qf4 38. Rc6 Qe3+ 39. Kh2 Qxb3 40. d6 Kh7 41. d7 Qf7
42. Rc8 {Black resigns} 1-0

[Event "Team 45 45 League T36"]
[Site "Internet Chess Club"]
[Date "2008.01.27"]
[Round "1"]
[White "Prop"]
[Black "betto2506"]
[Result "0-1"]
[WhiteElo "1248"]
[BlackElo "1322"]
[Opening "Petrov: Italian variation"]
[ECO "C24"]
[Time "11:11:48"]
[TimeControl "2700+45"]

1. e4 e5 2. Bc4 Nf6 3. Nf3 d6 4. O-O Bg4 5. d3 Nc6 6. Be3 a6 7. Nbd2 Qd7 8. c3
Na5 9. Bb3 Nxb3 10. Qxb3 c6 11. Ng5 h6 12. Ngf3 b5 13. a4 Qe6 14. c4 Be7 15.
Rfc1 O-O 16. Nh4 Nh5 17. Nf5 Bxf5 18. exf5 Qxf5 19. cxb5 axb5 20. Rxc6 bxa4 21.
Qd5 Nf4 22. Bxf4 Qxf4 23. Ne4 Rab8 24. g3 Qf3 25. Qa2 Qxd3 26. Nc3 Qc2 27. Qxa4
Rxb2 28. Qxc2 Rxc2 29. Nd5 Rd2 30. Nxe7+ Kh7 31. Nf5 d5 32. Ne7 d4 33. Rc8 Rxc8
34. Nxc8 Rc2 35. Nd6 d3 36. Rd1 d2 37. Ne4 Rc1 38. Kf1 Rxd1+ 39. Ke2 Re1+ 40.
Kxd2 Rxe4 {White resigns} 0-1

[Event "Team 45 45 League T36"]
[Site "Internet Chess Club"]
[Date "2008.01.26"]
[Round "1"]
[White "N20863"]
[Black "rgadoury"]
[Result "1-0"]
[WhiteElo "1293"]
[BlackElo "1243"]
[Opening "English: symmetrical, four knights system"]
[ECO "A30"]
[Time "14:00:48"]
[TimeControl "2700+45"]

1. c4 c5 2. Nf3 Nc6 3. Nc3 Nf6 4. g3 e6 5. Bg2 Be7 6. O-O O-O 7. Re1 a6 8. d3
Rb8 9. Bf4 d6 10. e4 e5 11. Bg5 Ng4 12. Bxe7 Qxe7 13. Nd5 Qd8 14. Rb1 Nf6 15. b4
Nxd5 16. cxd5 Nd4 17. bxc5 dxc5 18. Nxe5 Nb5 19. Qd2 f6 20. Nc4 Nd4 21. Qf4 Bd7
22. Qd6 Nb5 23. Qxc5 Qc8 24. Qxc8 Rfxc8 25. Nb6 Rc7 26. Rec1 Rxc1+ 27. Rxc1 Be8
28. Rc8 Rxc8 29. Nxc8 Nc3 30. Nd6 Bb5 31. Nxb5 Nxb5 32. Bh3 b6 33. Be6+ Kf8 34.
Kf1 Ke7 35. Ke1 Nd4 36. Bc8 a5 37. Ba6 Nf3+ 38. Ke2 Nxh2 39. f3 h5 40. Kf2 g5
41. Kg2 g4 42. Kxh2 gxf3 43. a4 Kd6 44. Kg1 f5 45. Kf2 fxe4 46. dxe4 Ke5 47.
Kxf3 Kd6 48. Kf4 {Black resigns} 1-0

[Event "Team 45 45 League T36"]
[Site "Internet Chess Club"]
[Date "2008.01.25"]
[Round "1"]
[White "JustinZ"]
[Black "kjs110"]
[Result "1-0"]
[WhiteElo "1261"]
[BlackElo "931"]
[Opening "Ruy Lopez: Graz variation"]
[ECO "C70"]
[Time "12:59:31"]
[TimeControl "2700+45"]

1. e4 e5 2. Nf3 Nc6 3. Bb5 a6 4. Ba4 b5 5. Bb3 Bc5 6. Bd5 Nf6 7. Bxc6 dxc6 8.
Nxe5 Qd6 9. Nf3 Nxe4 10. d4 Bb6 11. O-O Bg4 12. Re1 f5 13. Nc3 Bxd4 14. Nxe4
fxe4 15. Rxe4+ Be6 16. Rxd4 Qc5 17. Re4 Qe7 18. Ng5 Qxg5 19. Bxg5 {Black
resigns} 1-0

[Event "Team 45 45 League T36"]
[Site "Internet Chess Club"]
[Date "2008.01.24"]
[Round "1"]
[White "fuzzface"]
[Black "dondel"]
[Result "0-1"]
[WhiteElo "1277"]
[BlackElo "1545"]
[Opening "Queen's pawn game"]
[ECO "D00"]
[Time "16:01:49"]
[TimeControl "2700+45"]

1. d4 d5 2. g3 Nf6 3. Bg2 e6 4. Bg5 Bb4+ 5. c3 Bd6 6. e3 O-O 7. Ne2 Nc6 8. O-O
h6 9. Bxf6 Qxf6 10. Nd2 Bd7 11. e4 dxe4 12. Nxe4 Qf5 13. Nxd6 cxd6 14. Nf4 Qb5
15. Qb3 Na5 16. Qxb5 Bxb5 17. Rfe1 Rfc8 18. b4 Nc6 19. Rac1 g5 20. Nh5 Kf8 21.
d5 Nd8 22. dxe6 fxe6 23. Nf6 Kf7 24. Ne4 Ke7 25. Nd2 Nc6 26. Re3 Rab8 27. Rce1
Ne5 28. f4 gxf4 29. gxf4 Nd3 30. Rxe6+ Kd7 31. R1e4 Nxf4 32. Re7+ Kd8 33. Rg7
Nxg2 34. Rxg2 d5 35. Rg8+ Kc7 36. Rg7+ Kb6 37. Re6+ Rc6 38. Rxc6+ bxc6 39. Rg6
h5 40. h4 Rf8 41. Rg5 Be2 42. Nb3 Rf4 43. Nd4 Bd1 44. Rg6 Ba4 45. a3 Rxh4 46.
Kg2 a6 47. Kg3 Rh1 48. Kf4 Ra1 49. Rh6 Rxa3 50. Rxh5 Rxc3 51. Rh8 Rc4 52. Ke5
Rxb4 53. Rb8+ Ka5 54. Nxc6+ Bxc6 55. Rxb4 {White resigns} 0-1

[Event "Team 45 45 League T36"]
[Site "Internet Chess Club"]
[Date "2008.01.26"]
[Round "1"]
[White "Playing4TheKing"]
[Black "klt713"]
[Result "1/2-1/2"]
[WhiteElo "1286"]
[BlackElo "1155"]
[Opening "Queen's pawn, Mason variation"]
[ECO "D00"]
[Time "07:57:25"]
[TimeControl "2700+45"]

1. d4 d5 2. Bf4 Nf6 3. e3 e6 4. c3 Nc6 5. Nd2 Bd7 6. Bd3 Be7 7. h4 h5 8. Ndf3
Ng4 9. Ne5 Ngxe5 10. Bxe5 Nxe5 11. dxe5 c5 12. g3 Qb6 13. Qb3 c4 14. Qxb6 axb6
15. Bc2 O-O 16. Ne2 Bc5 17. Nf4 g6 18. Rg1 Kh8 19. Bxg6 Rg8 20. Bxf7 Rg7 21.
Bxh5 Rag8 22. Bf7 Rxf7 23. Kd2 Rf5 24. g4 Rxe5 25. g5 Rf5 26. h5 Rfxg5 27. Ng6+
R5xg6 28. hxg6 e5 29. Rh1+ Kg7 30. Rag1 Bc6 31. Rh7+ Kf6 32. g7 b5 33. Rh6+ Kf7
34. Rhg6 b4 35. R6g5 Kf6 36. Rg6+ Ke7 37. Rh6 d4 38. Rh8 Bd5 39. Rg5 Kf6 40.
Rhh5 Bd6 41. Rf5+ Ke6 42. exd4 Rxg7 43. dxe5 Be7 44. cxb4 Bxb4+ 45. Ke3 Bc5+ 46.
Kf4 Bxf2 47. Rf6+ Ke7 48. Kf5 Bd4 49. Rd6 Rf7+ 50. Rf6 Bxb2 51. Kg6 c3 52. Rh2
Bxa2 53. Re2 c2 54. Rxc2 Bb1 55. Rxf7+ Ke8 56. Rxb7 Bxc2+ 57. Kf6 Ba3 58. Rb8+
Kd7 59. e6+ Kc7 60. Rf8 Bxf8 61. e7 Bxe7+ 62. Kxe7 {Game drawn because neither
player has mating material} 1/2-1/2

[Event "Team 45 45 League T36"]
[Site "Internet Chess Club"]
[Date "2008.01.25"]
[Round "1"]
[White "ffplayer"]
[Black "Duck-Man"]
[Result "0-1"]
[WhiteElo "1127"]
[BlackElo "1251"]
[Opening "QGD: Orthodox defense, 7.Rc1"]
[ECO "D63"]
[Time "10:04:33"]
[TimeControl "2700+45"]

1. d4 d5 2. c4 e6 3. Nc3 Nf6 4. Bg5 Be7 5. Rc1 O-O 6. Nf3 Nbd7 7. e3 b6 8. Bxf6
Nxf6 9. cxd5 exd5 10. Bd3 Bb7 11. O-O Ne4 12. Qc2 Ng5 13. Nxg5 Bxg5 14. Bxh7+
Kh8 15. Bd3 Qf6 16. Nb5 c6 17. Nc3 Bc8 18. f4 Bh6 19. Ne2 Re8 20. Qd2 Be6 21.
Rxc6 Rac8 22. Rcc1 Bf5 23. Bxf5 Qxf5 24. Ng3 Qe6 25. Rfe1 g6 26. Rxc8 Rxc8 27.
Rc1 Re8 28. Re1 a5 29. Nf1 Bf8 30. Qf2 Kg7 31. Ng3 f5 32. h4 Be7 33. h5 Bh4 34.
hxg6 Qxg6 35. Qc2 Qxg3 36. Rf1 Qxe3+ 37. Kh2 Rh8 38. Qc7+ Kf6 39. Qd6+ Kf7 40.
Qc7+ Kf6 41. Qd6+ Kf7 42. Qc7+ Kg6 43. Rf3 Bf2+ 44. Rh3 Rxh3+ 45. gxh3 Qg3+ 46.
Kh1 Qg1# {White checkmated} 0-1

[Event "Team 45 45 League T36"]
[Site "Internet Chess Club"]
[Date "2008.01.26"]
[Round "1"]
[White "DannyZil"]
[Black "WCB"]
[Result "1-0"]
[WhiteElo "1188"]
[BlackElo "1088"]
[Opening "Four knights: Italian variation"]
[ECO "C55"]
[Time "20:56:46"]
[TimeControl "2700+45"]

1. e4 e5 2. Nf3 Nc6 3. Bc4 Nf6 4. Nc3 Nxe4 5. Nxe4 d5 6. Bd3 dxe4 7. Bxe4 Bc5 8.
O-O O-O 9. Bxc6 bxc6 10. Nxe5 Bd7 11. Nxd7 Qxd7 12. c3 Rfe8 13. d4 Bd6 14. Re1
Rxe1+ 15. Qxe1 Qe7 16. Qxe7 Bxe7 17. Bf4 Rc8 18. Re1 Kf8 19. f3 Bd6 20. Bxd6+
cxd6 21. Kf2 Re8 22. Rxe8+ Kxe8 23. Ke3 f5 24. Kf4 g6 25. Kg5 d5 26. Kh6 Kf7 27.
Kxh7 Kf6 28. h4 g5 29. h5 g4 30. fxg4 Kg5 31. h6 fxg4 32. Kg7 Kf4 33. h7 Kg3 34.
h8=Q Kxg2 35. Qh4 Kf3 36. Kf7 g3 37. Ke7 g2 38. Qh3+ Kf2 39. Qh2 Kf1 40. Qxg2+
Kxg2 41. Kd6 Kf3 42. Kxc6 Ke4 43. a4 a5 44. b3 Kd3 45. Kxd5 Kxc3 46. Kc5 Kxb3
47. d5 Kxa4 48. d6 Kb3 49. d7 a4 50. d8=Q a3 51. Qd3+ Kb2 52. Qd4+ Ka2 53. Kb4
Kb1 54. Qd2 a2 55. Kb3 a1=Q 56. Qc2# {Black checkmated} 1-0

[Event "Team 45 45 League T36"]
[Site "Internet Chess Club"]
[Date "2008.01.24"]
[Round "1"]
[White "Avedldesierto"]
[Black "az2112"]
[Result "1/2-1/2"]
[WhiteElo "1799"]
[BlackElo "1731"]
[Opening "Sicilian: Scheveningen, Keres attack"]
[ECO "B81"]
[Time "17:31:59"]
[TimeControl "2700+45"]

1. e4 c5 2. Nf3 d6 3. d4 cxd4 4. Nxd4 Nf6 5. Nc3 e6 6. g4 h6 7. g5 hxg5 8. Bxg5
Nc6 9. h4 Qb6 10. Nb3 a6 11. Rg1 Bd7 12. Be2 Qc7 13. Bxf6 gxf6 14. h5 Bh6 15.
Rg3 Ne5 16. Qd4 O-O-O 17. Qa7 Nc6 18. Qa8+ Qb8 19. Qxb8+ Kxb8 20. Rd1 Nb4 21.
Na1 Bf4 22. Rg7 Bg5 23. a3 Nc6 24. Rxd6 Kc7 25. Rd1 Ne5 26. Nb3 {Game drawn by
mutual agreement} 1/2-1/2

[Event "Team 45 45 League T36"]
[Site "Internet Chess Club"]
[Date "2008.01.29"]
[Round "1"]
[White "budugu"]
[Black "NaoXidnan"]
[Result "0-1"]
[WhiteElo "1474"]
[BlackElo "1586"]
[Opening "Sicilian: Nimzovich-Rossolimo attack (with ...g6, without ...d6)"]
[ECO "B31"]
[Time "23:00:55"]
[TimeControl "2700+45"]

1. e4 c5 2. Nf3 Nc6 3. Bb5 g6 4. c3 Bg7 5. d4 cxd4 6. cxd4 a6 7. Ba4 b5 8. Bb3
d6 9. Ng5 e6 10. d5 Nd4 11. dxe6 Nxe6 12. Bxe6 fxe6 13. Qb3 Qe7 14. O-O Nf6 15.
Nc3 O-O 16. a4 bxa4 17. Rxa4 Bd7 18. Rb4 h6 19. Nf3 Bc6 20. Nd4 Bxe4 21. Nxe6
Bc2 22. Qa2 Rf7 23. Re1 Ng4 24. f3 Qa7+ 25. Be3 Nxe3 26. Ne2 Nd5+ 27. Rd4 Bxd4+
28. N2xd4 Nb4 29. Qc4 a5 30. Kh1 Bd3 31. Qc1 Re8 32. Nc6 Nxc6 33. Qxc6 Rfe7 34.
Qd5 Qb7 35. Qxd6 Qd7 {White resigns} 0-1

[Event "Team 45 45 League T36"]
[Site "Internet Chess Club"]
[Date "2008.01.26"]
[Round "1"]
[White "Toalla"]
[Black "Tomate"]
[Result "0-1"]
[WhiteElo "1177"]
[BlackElo "1461"]
[Opening "Catalan: closed, main line"]
[ECO "E09"]
[Time "16:01:57"]
[TimeControl "2700+45"]

1. d4 Nf6 2. c4 e6 3. g3 d5 4. Bg2 c6 5. Nf3 Be7 6. O-O O-O 7. Qc2 Nbd7 8. Nbd2
a6 9. b3 Rb8 10. Rb1 b5 11. c5 Qc7 12. b4 e5 13. e4 exd4 14. Nxd4 Re8 15. Re1
dxe4 16. Nxe4 Bb7 17. Bf4 Ne5 18. Nxf6+ Bxf6 19. Nf5 Rbd8 20. Nd6 Re7 21. Bh3
Nf3+ {White resigns} 0-1

[Event "Team 45 45 League T36"]
[Site "Internet Chess Club"]
[Date "2008.01.29"]
[Round "1"]
[White "vollmerj"]
[Black "cityprosecutor"]
[Result "0-1"]
[WhiteElo "1734"]
[BlackElo "1761"]
[Opening "Sicilian: dragon variation"]
[ECO "B70"]
[Time "21:34:13"]
[TimeControl "2700+45"]

1. e4 c5 2. Nf3 d6 3. d4 cxd4 4. Nxd4 Nf6 5. Nc3 g6 6. Bc4 Bg7 7. O-O Nc6 8. Be3
Ng4 9. Nxc6 bxc6 10. Qf3 Ne5 11. Qe2 O-O 12. Ba6 Rb8 13. Bxc8 Qxc8 14. Bd4 c5
15. Bxe5 Bxe5 16. Nd5 Qb7 17. c3 e6 18. f4 Bg7 19. Ne3 Qxe4 20. Rae1 Qb7 21. Nc4
d5 22. Ne5 Bxe5 23. Qxe5 Qxb2 24. f5 exf5 25. Rf2 Qa3 26. g4 Qa4 27. Qxd5 Qxg4+
28. Rg2 Qh5 29. Qxc5 Rbc8 30. Qd4 Qf3 31. Re3 Qb7 32. h4 Rcd8 33. Qf6 Rd1+ 34.
Kh2 Qc7+ 35. Qe5 Qc4 36. Rh3 Qf1 37. h5 Qh1+ 38. Kg3 Rd3+ 39. Kf2 Qxh3 40. Qe2
Rfd8 41. hxg6 hxg6 42. Rxg6+ fxg6 43. Qe6+ Kg7 44. Qe7+ Kh6 45. Qe5 Rd2+ 46. Ke1
Qh1# {White checkmated} 0-1

[Event "Team 45 45 League T36"]
[Site "Internet Chess Club"]
[Date "2008.01.27"]
[Round "1"]
[White "mickeys"]
[Black "shakkiipe"]
[Result "1-0"]
[WhiteElo "1699"]
[BlackElo "1658"]
[Opening "Queen's Pawn"]
[ECO "A41"]
[Time "10:01:57"]
[TimeControl "2700+45"]

1. d4 d6 2. Nf3 g6 3. c4 Nf6 4. Nc3 c6 5. e4 Bg7 6. Be2 O-O 7. O-O Nbd7 8. Be3
Ng4 9. Bg5 Re8 10. h3 f6 11. Bd2 Nh6 12. d5 Nf7 13. Nd4 cxd5 14. Ne6 Qb6 15. Na4
Qa6 16. Nc7 Qc6 17. Nxe8 dxc4 18. Nxg7 Kxg7 19. Qc2 b5 20. Nc3 Nc5 21. Bf3 Ne5
22. Nd5 Kf7 23. Be2 {Black resigns} 1-0

[Event "Team 45 45 League T36"]
[Site "Internet Chess Club"]
[Date "2008.01.26"]
[Round "1"]
[White "alexthegr8"]
[Black "ChessChamp"]
[Result "0-1"]
[WhiteElo "1460"]
[BlackElo "1544"]
[Opening "Dutch"]
[ECO "A80"]
[Time "18:54:40"]
[TimeControl "2700+45"]

1. d4 f5 2. Nf3 Nf6 3. g3 e6 4. Bg2 d5 5. O-O Be7 6. Nbd2 c6 7. Ne5 O-O 8. b3
Nbd7 9. Ndf3 Ne4 10. c4 g5 11. Nd2 Nxe5 12. dxe5 Bb4 13. Nxe4 dxe4 14. Qxd8 Rxd8
15. Bxg5 Rd7 16. a3 Bc3 17. Rad1 Bxe5 18. Rxd7 Bxd7 19. f4 Bb2 20. a4 Bd4+ 21.
Kh1 Be8 22. Rd1 c5 23. a5 Bh5 24. Bf1 Rc8 25. Be7 Kf7 26. Bd6 Rd8 27. Bxc5 Bf6
28. Rxd8 Bxd8 29. a6 b6 30. Bd6 b5 31. c5 Be7 32. Bb8 Bxc5 33. b4 Bb6 34. Kg2
Ke8 35. Kh3 Kf7 36. Bd6 Bg4+ 37. Kg2 Ke8 38. e3 Bxe3 39. Bxb5+ Kf7 40. Kf1 Bh3+
41. Ke1 Bg1 42. Bc6 Bg4 43. b5 Bb6 44. Kf1 e3 45. Bb4 e2+ 46. Kg2 Bc5 47. Be1
Ke7 48. Bf3 Kd6 49. Bxg4 fxg4 50. h3 h5 51. hxg4 hxg4 52. Bf2 Bxf2 53. Kxf2 Kc5
54. Kxe2 Kxb5 55. Ke3 Kxa6 56. Ke4 Kb5 57. Ke5 a5 58. Kxe6 a4 59. f5 a3 60. f6
a2 61. f7 a1=Q 62. f8=Q Qe1+ 63. Kd7 Qxg3 64. Qf5+ Kc4 65. Qe4+ Kc3 66. Qa4 Qd3+
67. Kc6 Qc4+ 68. Qxc4+ Kxc4 69. Kd6 g3 70. Ke5 g2 71. Kf5 g1=Q 72. Ke5 Qe3+ 73.
Kf5 Kd5 74. Kf6 Qe6+ 75. Kg5 Ke5 76. Kh4 Qg8 77. Kh3 Qg1 78. Kh4 Kf4 79. Kh5
Qg5# {White checkmated} 0-1